 Dungeon Crawl Stone Soup version 0.30.1-11-g7821555f0a (webtiles) character file.

Game seed: 16654297905463854688

749 GameisBrutal the Covert (level 7, -2/61 HPs)
             Began as a Naga Brigand on Nov 10, 2023.
             Shot with an arrow by a centaur (9 damage)
             ... on level 6 of the Dungeon.
             The game lasted 00:09:17 (1834 turns).

GameisBrutal the Covert (Naga Brigand)              Turns: 1834, Time: 00:09:18

Health: -2/61      AC:  6    Str: 17    XL:     7   Next: 78%
Magic:  2/9        EV: 10    Int: 13    God:
Gold:   39         SH:  0    Dex: 11    Spells: 1/9 levels left

rFire   . . .        f - +1 dagger (venom)
rCold   . . .        (no shield)
rNeg    . . .        b - +1 robe
rPois   +            (no helmet)
rElec   .            c - +1 cloak
rCorr   .            (no gloves)
SInv    +            (no barding)
Will    .....        (no amulet)
Stlth   ++++         (no ring)
HPRegen 0.30/turn    (no ring)
MPRegen 0.11/turn

%: no passive effects
@: slightly contaminated, very slow
A: AC +2, large, see invisible, deformed body, poison resistance, slowness 2,
spit poison 1, naga tail 1, strong 1
a: Spit Poison


You were on level 6 of the Dungeon.
You visited 1 branch of the dungeon, and saw 5 of its levels.

You collected 154 gold pieces.
You spent 115 gold pieces at shops.

Inventory:

Hand Weapons
 f - a +1 dagger of venom (weapon)
Missiles
 d - 21 poisoned darts (quivered)
 e - 3 curare-tipped darts
 j - 5 boomerangs
 k - 2 throwing nets
 m - 3 boomerangs of dispersal
Armour
 b - a +1 robe (worn)
 c - a +1 cloak (worn)
Wands
 g - a wand of mindburst (7)
 i - a wand of paralysis (5)
Scrolls
 h - a scroll of noise
 l - a scroll of magic mapping {unknown}
Potions
 a - a potion of curing {unknown}


   Skills:
 * Level 2.7 Fighting
 * Level 2.8 Short Blades
 * Level 2.5 Throwing
 * Level 1.4 Armour
 * Level 1.8 Dodging
 * Level 9.5 Stealth
 * Level 1.9 Spellcasting
 * Level 0.8 Necromancy
 * Level 0.1 Translocations
 * Level 1.5 Transmutations
 * Level 1.6 Fire Magic
 * Level 0.7 Air Magic
 * Level 2.0 Poison Magic
 * Level 1.5 Evocations


You had one spell level left.
You knew the following spells:

 Your Spells              Type           Power      Damage    Failure   Level
a - Ignite Poison         Fire/Tmut/Pois 5%         N/A       36%         3
b - Cigotuvi's Dreadful   Necr/Pois/Air  8%         N/A       24%         2
c - Volatile Blastmotes   Fire/Tloc      6%         2d10      47%         3

Your spell library contained the following spells:

 Spells                   Type           Power      Damage    Failure   Level
 Dazzling Flash           Conj/Hex       2%         N/A       61%         3
 Iskenderun's Mystic Bla  Conj/Tloc      1%         2d3       94%         4
 Freezing Cloud           Conj/Ice/Air   0%         6-21      100%        5
 Starburst                Conj/Fire      1%         6d3       100%        6


Dungeon Overview and Level Annotations

Branches:
Dungeon (6/15)
 Temple: D:4-7

Altars:

Shops:
D:6 *


Innate Abilities, Weirdness & Mutations

Your serpentine skin is tough. (AC +2)
You have supernaturally acute eyesight. (SInv)
Armour fits poorly on your strangely shaped body.
Your system is resistant to poisons. (rPois)
You cover ground very slowly.
You can spit poison.
You have a snake-like lower body.
Your muscles are strong. (Str +4, Int/Dex -1)


Message History

You are very lightly contaminated with residual magic.
Nothing appears to happen.
The ufetubus hits you. x2
The ufetubus closely misses you. The ufetubus hits you.
Casting: Ignite Poison (dangerous; 34% risk of failure)
Confirm with . or Enter, or press ? or * to list all spells.
You miscast Ignite Poison.
Your limbs ache and wobble like jelly.
You are lightly contaminated with residual magic.
The ufetubus hits you. The ufetubus closely misses you.
Unknown command.
Casting: Ignite Poison (dangerous; 34% risk of failure)
Confirm with . or Enter, or press ? or * to list all spells.
You miscast Ignite Poison.
Strange energies run through your body.
You are contaminated with residual magic.
The ufetubus closely misses you. The ufetubus hits you. x2
The ufetubus barely misses you.
Unknown command.
You hit the ufetubus.
The ufetubus looks as sick as possible!
The ufetubus is severely wounded.
You have got your breath back.
The ufetubus hits you. x2
You kill the ufetubus!
You see here a +0 long sword.
Your body shudders with the violent release of wild energies!
You feel stronger.
A centaur comes into view.
The centaur wields a +0 shortbow.
The centaur shoots an arrow.
The arrow hits you.
The centaur shoots an arrow.
The arrow hits you!
The centaur shoots an arrow.
The arrow barely misses you.
The centaur shoots an arrow.
The arrow misses you.
The centaur shoots an arrow.
The arrow hits you.
The centaur shoots an arrow.
The arrow hits you!
* * * LOW HITPOINT WARNING * * *
The centaur shoots an arrow.
The arrow hits you.
* * * LOW HITPOINT WARNING * * *
The centaur shoots an arrow.
The arrow hits you.
* * * LOW HITPOINT WARNING * * *
You feel less contaminated with magical energies.
You see here a scroll labelled VACSAUDUXT.
The centaur shoots an arrow.
The arrow hits you!
You die...

## #. # ##. #. ######..
### #. ........
#.c.#.###### ######..
...........#### ##.
..............#########.
#.#@................
#..?.........#######
###...........$....
###...........###.#
................#
#.##....).......# #
#.##..#†...#.#
#...........#.#
.............#.#


You could see a centaur.

Vanquished Creatures
  A sky beast (D:6)
  An ogre (D:5)
  A centaur (D:5)
  A phantom (D:5)
  A kobold brigand (D:6)
  A bullfrog (D:6)
  A scorpion (D:6)
  A hound (D:6)
  2 jellies
  An orc priest (D:5)
  An orc wizard (D:5)
  3 adders
  An ufetubus (D:6)
  3 worms
  3 dart slugs
  3 orcs
  2 ball pythons
  4 endoplasms
  A giant cockroach (D:1)
  2 goblins
  A hobgoblin (D:2)
  3 jackals (D:1)
  10 kobolds
  A quokka (D:5)
  A frilled lizard (D:2)
  A rat (D:2)
51 creatures vanquished.

Notes
Turn   | Place    | Note
-------+----------+-------------------------------------------
     0 | D:1      | GameisBrutal the Naga Brigand began the quest for the Orb.
     0 | D:1      | Reached XP level 1. HP: 19/19 MP: 1/1
    88 | D:1      | Reached skill level 6 in Stealth
   154 | D:1      | Reached XP level 2. HP: 26/26 MP: 2/2
   188 | D:2      | Reached XP level 3. HP: 24/32 MP: 3/3
   312 | D:2      | Reached skill level 7 in Stealth
   357 | D:2      | Reached skill level 1 in Dodging
   357 | D:2      | Reached XP level 4. HP: 39/39 MP: 5/5
   416 | D:2      | Learned a level 3 spell: Ignite Poison
   638 | D:2      | You fall into a shaft and drop 2 floors!
   649 | D:4      | Reached skill level 1 in Spellcasting
   763 | D:4      | Reached XP level 5. HP: 45/45 MP: 6/6
   768 | D:5      | Entered Level 5 of the Dungeon
   924 | D:5      | Noticed a centaur
   931 | D:5      | Killed a centaur
   932 | D:5      | Reached skill level 8 in Stealth
   985 | D:5      | Noticed a phantom
  1017 | D:5      | Killed a phantom
  1018 | D:5      | Reached skill level 1 in Armour
  1018 | D:5      | Reached skill level 1 in Poison Magic
  1018 | D:5      | Reached skill level 1 in Evocations
  1018 | D:5      | Reached XP level 6. HP: 8/55 MP: 8/8
  1332 | D:5      | Reached skill level 1 in Fire Magic
  1342 | D:5      | Reached skill level 1 in Transmutations
  1531 | D:5      | Learned a level 2 spell: Cigotuvi's Dreadful Rot
  1612 | D:6      | Found Tyvoinna's Assorted Antiques.
  1612 | D:6      | Noticed a sky beast
  1621 | D:6      | Killed a sky beast
  1622 | D:6      | Reached skill level 9 in Stealth
  1622 | D:6      | Reached XP level 7. HP: 61/61 MP: 2/9
  1694 | D:6      | Bought a tapered fluorescent wand for 92 gold pieces
  1694 | D:6      | Bought a scroll labelled CAUMUIS ZAPT for 23 gold pieces
  1792 | D:6      | Learned a level 3 spell: Volatile Blastmotes
  1827 | D:6      | Gained mutation: Your muscles are strong. (Str +4, Int/Dex
                  | -1) [mutagenic glow]
  1834 | D:6      | Shot with an arrow by a centaur

Illustrated notes

Levels and vault maps discovered:
D:1:      dpeg_arrival_orchard, layout_loops_cross
D:2:      layout_basic, serial_shops, nicolae_shop_real_fake_doors,
          nicolae_wormholes
D:4:      layout_loops_ring
D:5:      layout_gridville
D:6:      layout_loops_ring, minmay_temple_entry_from_below_a, serial_shops,
          nicolae_shop_rolling_square

Skill      XL: |  1  2  3  4  5  6  7 |
---------------+----------------------+-----
Stealth        | 6 7 8 9 |  9.5
Throwing       | 2 |  2.5
Dodging        | 1 |  1.8
Spellcasting   | 1 |  1.9
Armour         | 1 |  1.4
Poison Magic   | 1 2 |  2.0
Evocations     | 1 |  1.5
Fire Magic     | 1 |  1.6
Transmutations | 1 |  1.5
Fighting       | |  2.7
Short Blades   | |  2.8
Necromancy     | |  0.8
Translocations | |  0.1
Air Magic      | |  0.7

Action                     |  1- 3 |  4- 6 |  7- 9 || total
---------------------------+-------+-------+-------++-------
  Melee: Dagger            |    20 |    60 |    26 ||   106
  Throw: Dart              |     2 |     7 |     3 ||    12
   Cast: Ignite Poison     |       |     1 |     3 ||     4
Ability: Spit Poison       |     6 |    11 |     5 ||    22
  Evoke: Wand              |     2 |     4 |       ||     6
    Use: Scroll            |     1 |     3 |       ||     4
         Potion            |       |     2 |       ||     2
   Stab: Sleeping          |     6 |     6 |     1 ||    13
         Paralysed         |     1 |     4 |       ||     5
 Armour: Robe              |     4 |    15 |    18 ||    37
  Dodge: Dodged            |     6 |    29 |    22 ||    57
